Map: Stargazers

Players

A.I. 1 (Easy) - Winner!

  • Race: Terran Terran
  • Spawn Location: 11:00

Ebinette

  • Race: Zerg Zerg
  • League: Diamond
  • Spawn Location: 1:00

VOD

Have the link to the VOD?

Description

Time

  • Played on: Aug. 22, 2022, 1:56 p.m.
  • Length: 6:19
Show
View Real Time Build Order
Export as new Build Order

A.I. 1 (Easy) Terran - Winner!

Build Orders:  

Get SALT Encoding   

  12  0:00  SCV  
  13  0:13  SCV  
  14  0:19  Supply Depot  
  14  0:25  SCV  
  15  0:40  SCV  
  16  0:44  Barracks  
  16  0:45  Refinery  
  16  1:09  Supply Depot  
  16  1:21  Refinery  
  16  1:32  Orbital Command, Barracks Tech Lab  
  16  1:51  Marauder  
  18  1:57  SCV  
  19  2:09  SCV  
  19  2:11  Marine  
  19  2:12  Supply Depot  
  21  2:21  SCV  
  22  2:29  Marine  
  23  2:33  SCV  
  24  2:46  SCV  
  24  2:48  Marauder  
  27  2:58  SCV  
  28  3:08  Marine  
  29  5:03  SCV, Marine  
  29  5:04  Supply Depot  
  31  5:12  Factory  
  31  5:15  SCV  
  31  5:20  Marine  
  33  5:27  SCV  
  34  5:29  Supply Depot  
  34  5:38  Marine  
  34  5:39  SCV  
  29  5:57  Marauder  
  29  6:00  Starport, Command Center  
Show
View Real Time Build Order
Export as new Build Order

Ebinette Zerg 

Build Orders: Hatch First 

Get SALT Encoding   

  12  0:00  Drone  
  13  0:13  Overlord  
  13  0:16  Drone  
  14  0:31  Drone x2  
  16  0:49  Hatchery  
  15  0:53  Drone  
  15  0:56  Drone  
  17  0:59  Drone  
  18  1:10  Extractor  
  17  1:15  Spawning Pool  
  17  1:18  Drone  
  17  1:21  Drone  
  18  1:29  Drone  
  19  1:39  Overlord  
  19  1:52  Drone  
  20  2:01  Queen  
  20  2:02  Queen  
  20  2:03  Zergling x4  
  26  2:11  Drone  
  26  2:12  Metabolic Boost  
  27  2:16  Drone  
  28  2:35  Overlord  
  28  2:37  Queen x2  
  28  2:43  Drone x3  
  35  2:48  Overlord  
  35  2:56  Drone  
  35  2:57  Drone  
  37  3:08  Hatchery  
  36  3:19  Queen  
  38  3:21  Drone  
  38  3:22  Drone x2  
  38  3:25  Drone  
  38  3:26  Drone  
  43  3:33  Drone x2  
  45  3:37  Drone x2  
  45  3:38  Drone  
  48  3:44  Lair  
  48  3:50  Roach Warren  
  48  3:51  Drone x2  
  48  3:55  Extractor x2  
  48  3:59  Queen  
  48  4:02  Overlord  
  49  4:09  Drone x2  
  51  4:10  Drone  
  51  4:11  Overlord  
  52  4:24  Spore Crawler x2  
  51  4:25  Overlord  
  50  4:33  Evolution Chamber  
  50  4:35  Drone  
  50  4:36  Drone x2  
  50  4:37  Evolution Chamber  
  51  4:40  Roach x2  
  55  4:47  Roach  
  55  4:48  Roach  
  55  4:51  Queen  
  61  4:54  Glial Reconstitution  
  62  5:00  Drone x2  
  62  5:02  Drone  
  64  5:16  Roach  
  64  5:17  Roach  
  64  5:20  Drone x2  
  70  5:22  Drone  
  70  5:26  Drone x3  
  74  5:31  Overlord  
  74  5:37  Hydralisk Den  
  74  5:38  Drone x3  
  74  5:40  Drone  
  76  5:43  Drone x2  
  77  5:51  Drone x5  
  77  5:56  Drone x3  
  85  5:57  Drone  
  85  6:01  Drone x3  
Tags
 
League
Diamond
Matchup
TvZ
Spawn Locations
Close Positions
Add a new tag
Caveats
  • Supply blocks, unpowered buildings, or Contaminate may cause inaccurate times.
  • Supply counts are checked every 10 seconds.